AoeStats
← Looney^

Black Forest

508007721Analyzed
4v4 RM · 12d ago on Sep 20, 2026· 102m 26s· 8 players
Game mode
Random Map
Map size
Large (8 player)
Population
200
Speed
Normal
Resources
Standard
Victory
Conquest
Starting age
Dark Age
Ending age
Imperial Age
RankedLock teamsTeams togetherTeam positionsShared explorationLock speedFull tech treeHidden civsTurbo modeCheats
Victory
Defeat
🇩🇰 Teutons · Denmark
936
+13
🇩🇪 Khmer · Germany
844
+17
🇷🇺 Vietnamese · Russia
818
+18
🇷🇴 Bohemians · Romania
736
+22
🇮🇳 Khmer · India
915
-19
🇹🇷 Hindustanis · Türkiye
863
-43
🇮🇳 Britons · India
852
-17
🇨🇳 Turks · China
843
-17
YellowyGnu8986
0:28 Loom
16:00 Feudal Age
20:35 Castle Age
20:10 Wheelbarrow
19:29 Horse Collar
19:43 Double-Bit Axe
22:08 Heavy Plow
23:22 Bow Saw
23:29 Stone Mining
25:35 Gold Mining
31:33 Gold Shaft Mining
32:20 Hand Cart
38:24 Imperial Age
36:09 Forging
35:51 Fletching
36:02 Padded Archer Armor
37:28 Iron Casting
37:47 Bodkin Arrow
40:05 Two-Man Saw
39:25 Leather Archer Armor
39:15 Caravan
40:11 Conscription
39:52 Artillery
39:16 Elite Janissary
41:39 Blast Furnace
40:40 Bracer
42:07 Ring Archer Armor
43:15 Ballistics
44:43 Thumb Ring
47:01 Fervor
47:13 Sanctity
55:06 Scale Barding Armor
56:52 Bloodlines
56:43 Husbandry
57:10 Chain Barding Armor
58:26 Plate Barding Armor
67:59 Town Watch
0sm4ll
1:52 Loom
11:22 Feudal Age
12:40 Double-Bit Axe
13:24 Horse Collar
15:08 Wheelbarrow
18:58 Castle Age
20:18 Fletching
21:32 Bow Saw
21:24 Heavy Plow
25:57 Husbandry
26:07 Bloodlines
25:21 Light Cavalry
27:44 Hand Cart
32:01 Imperial Age
30:12 Gold Mining
30:13 Stone Mining
30:33 Scale Barding Armor
30:43 Forging
30:28 Bodkin Arrow
32:38 Gold Shaft Mining
32:38 Stone Shaft Mining
33:17 Crop Rotation
32:58 Double Crossbow
34:24 Caravan
34:32 Town Watch
34:49 Heavy Scorpion
36:37 Conscription
37:48 Chemistry
38:22 Hussar
39:26 Ballistics
39:11 Siege Engineers
39:04 Murder Holes
39:19 Masonry
38:39 Capped Ram
39:59 Hoardings
39:55 Bracer
39:55 Padded Archer Armor
40:19 Chain Barding Armor
40:34 Iron Casting
39:37 Siege Ram
44:34 Blast Furnace
44:11 Plate Barding Armor
46:15 Tusk Swords
45:42 Elite Battle Elephant
80:44 Coinage
Bhramos
7:06 Loom
10:46 Feudal Age
11:15 Double-Bit Axe
11:16 Horse Collar
18:21 Castle Age
17:31 Gold Mining
17:34 Stone Mining
17:43 Fletching
18:28 Scale Mail Armor
19:32 Wheelbarrow
21:46 Forging
22:58 Bow Saw
23:58 Heavy Plow
27:11 Chain Mail Armor
27:32 Iron Casting
26:52 Bodkin Arrow
28:27 Wheelbarrow
28:11 Padded Archer Armor
27:40 Pikeman
30:44 Hand Cart
30:41 Caravan
31:12 Coinage
33:52 Imperial Age
31:29 Squires
32:45 Ballistics
33:09 Treadmill Crane
34:05 Leather Archer Armor
34:04 Elite Longbowman
36:26 Yeomen
36:22 Bracer
36:53 Guilds
38:11 Two-Man Saw
38:50 Halberdier
41:12 Ring Archer Armor
41:12 Plate Mail Armor
44:57 Chemistry
43:53 Murder Holes
45:08 Iron Casting
77:38 Arson
90:14 Conscription
Looney^
16:07 Feudal Age
20:05 Castle Age
34:43 Imperial Age
35:33 Ballistics
36:26 Chemistry
59:44 Elite Skirmisher
mm_ken
1:52 Loom
14:35 Feudal Age
17:15 Town Watch
18:11 Wheelbarrow
17:31 Double-Bit Axe
17:58 Stone Mining
18:13 Horse Collar
18:46 Double-Bit Axe
21:50 Castle Age
23:42 Gold Mining
23:56 Heavy Plow
24:15 Fletching
27:38 Fervor
28:07 Bow Saw
30:59 Stone Shaft Mining
30:34 Bodkin Arrow
36:50 Imperial Age
34:59 Scale Barding Armor
35:05 Forging
35:05 Scale Mail Armor
36:21 Chain Barding Armor
36:30 Bloodlines
37:55 Conscription
37:55 Crenellations
38:21 Hoardings
37:51 Arson
38:07 Squires
38:30 Conscription
38:51 Ironclad
39:58 Two-Man Saw
38:32 Cavalier
43:43 Capped Ram
45:04 Paladin
46:46 Ironclad
46:57 Chain Mail Armor
47:22 Iron Casting
50:00 Plate Barding Armor
50:26 Blast Furnace
50:38 Crop Rotation
50:27 Hand Cart
54:00 Heated Shot
54:28 Masonry
56:32 Chain Mail Armor
63:49 Plate Mail Armor
66:59 Ballistics
66:58 Caravan
84:11 Coinage
83:52 Guilds
86:14 Elite Teutonic Knight
94:33 Man-at-Arms
95:53 Pikeman
98:14 Long Swordsman
98:40 Gambesons
98:46 Gambesons
99:41 Halberdier
99:42 Two-Handed Swordsman
101:57 Champion
PulseHex
0:30 Loom
11:10 Feudal Age
14:28 Wheelbarrow
13:35 Horse Collar
13:46 Double-Bit Axe
18:29 Castle Age
18:34 Gold Mining
19:05 Scale Mail Armor
21:23 Bow Saw
21:16 Heavy Plow
24:18 Hand Cart
24:53 Padded Archer Armor
25:51 Caravan
28:42 Leather Archer Armor
28:18 Fletching
28:45 Scale Barding Armor
30:29 Bodkin Arrow
32:14 Tusk Swords
32:21 Husbandry
32:32 Bloodlines
34:29 Coinage
34:54 Ballistics
35:33 Town Watch
36:31 Chain Barding Armor
36:13 Scale Mail Armor
36:25 Forging
39:27 Gold Shaft Mining
42:40 Imperial Age
40:14 Town Patrol
42:50 Elite Ballista Elephant
43:41 Double Crossbow
44:23 Hoardings
44:09 Conscription
44:37 Ring Archer Armor
47:36 Banking
47:44 Plate Barding Armor
47:26 Chain Mail Armor
47:11 Bracer
48:19 Chemistry
47:32 Fortified Wall
57:08 Elite Battle Elephant
60:48 Iron Casting
60:10 Guard Tower
60:16 Murder Holes
63:15 Light Cavalry
63:17 Cavalier
64:37 Masonry
64:22 Hussar
66:21 Blast Furnace
71:26 Capped Ram
72:49 Siege Ram
Iulius Caeddar
0:28 Loom
11:38 Feudal Age
12:20 Horse Collar
13:15 Double-Bit Axe
19:56 Castle Age
22:46 Pikeman
27:37 Wheelbarrow
28:23 Heavy Plow
29:14 Bow Saw
30:42 Forging
30:36 Scale Mail Armor
30:51 Squires
35:42 Imperial Age
34:05 Iron Casting
34:06 Caravan
36:40 Chemistry
35:28 Treadmill Crane
36:09 Ballistics
36:12 Chain Mail Armor
38:32 Blast Furnace
38:02 Plate Mail Armor
37:06 Houfnice
39:44 Two-Man Saw
38:30 Halberdier
39:38 Conscription
48:24 Elite Hussite Wagon
49:23 Fletching
zuh
1:37 Loom
13:10 Feudal Age
14:28 Wheelbarrow
13:54 Horse Collar
14:47 Double-Bit Axe
16:10 Gold Mining
16:10 Stone Mining
21:02 Castle Age
22:00 Hand Cart
23:05 Bow Saw
22:59 Heavy Plow
28:02 Coinage
27:38 Caravan
32:47 Imperial Age
30:31 Town Watch
31:07 Arson
31:25 Squires
30:46 Pikeman
34:27 Paper Money
34:44 Hoardings
34:04 Treadmill Crane
34:49 Ballistics
34:48 Padded Archer Armor
34:38 Fletching
36:49 Town Patrol
37:25 Crop Rotation
37:57 Two-Man Saw
36:49 Crossbowman
37:00 Halberdier
38:22 Arbalester
39:08 Thumb Ring
39:31 Thumb Ring
40:29 Elite Skirmisher
43:28 Imperial Skirmisher
45:22 Chemistry
44:33 Fortified Wall
44:24 Murder Holes
44:19 Guard Tower
45:10 Banking
44:52 Guilds
46:05 Fletching
46:31 Leather Archer Armor
46:17 Scale Mail Armor
46:27 Forging
48:33 Ring Archer Armor
48:00 Bodkin Arrow
49:18 Elite Fire Lancer
58:02 Bombard Tower
58:03 Chain Mail Armor
57:50 Bracer
58:25 Iron Casting
58:02 Elite Rattan Archer
85:23 Plate Mail Armor
Connection lost

Rejoining the realm…

Still unreachable

The connection could not be restored.

Session expired

The server has moved on; the page needs a fresh start.